 Dungeon Crawl Stone Soup version 0.30.1-3-gfc49f6343a (webtiles) character file.

Game seed: 2763905410149265263

2334 Mickster the Cleaver (level 9, 0/75 HPs)
             Began as a Hill Orc Berserker on July 25, 2023.
             Was a Believer of Trog.
             Succumbed to a killer bee's poison
             ... on level 7 of the Dungeon on Aug 6, 2023.
             The game lasted 00:53:31 (5243 turns).

Mickster the Cleaver (Hill Orc Berserker)           Turns: 5243, Time: 00:53:31

Health: 0/75       AC:  9    Str: 24    XL:     9   Next: 42%
Magic:  9/9        EV: 11    Int:  7    God:    Trog [**....]
Gold:   277        SH: 10    Dex: 16    Spells: 8/8 levels left

rFire   . . .        B - +4 flail (heavy)
rCold   . . .        b - +0 kite shield
rNeg    . . .        l - +0 scale mail
rPois   .            s - +1 helmet
rElec   .            (no cloak)
rCorr   .            (no gloves)
SInv    .            (no boots)
Will    ++...        (no amulet) Stlth
                     n - +6 ring of dexterity
HPRegen 1.32/turn    (no ring)
MPRegen 0.11/turn

%: no passive effects
@: lethally poisoned (0 -> -7), strong-willed (expiring), on berserk cooldown,
regenerating (expiring), slowed, very slow
A: no striking features
a: Renounce Religion, Berserk, Trog's Hand


You were on level 7 of the Dungeon.
You worshipped Trog.
Trog was pleased with you.
You visited 2 branches of the dungeon, and saw 8 of its levels.

You collected 299 gold pieces.
You spent 22 gold pieces at shops.

Inventory:

Hand Weapons
 a - a +0 hand axe of freezing
 q - a +1 whip of electrocution
 r - a +2 short sword of flaming
 u - a +0 dagger of protection
 y - a +1 short sword of freezing
 B - a +4 heavy flail (weapon)
Missiles
 e - 53 stones
 i - 8 boomerangs (quivered)
 x - a throwing net
Armour
 b - a +0 kite shield (worn)
 j - a +0 ring mail
 l - a +0 scale mail (worn)
 s - a +1 helmet (worn)
 z - a +0 ring mail
 C - a +0 cloak
Jewellery
 n - a +6 ring of dexterity (left hand)
Wands
 m - a wand of iceblast (9)
 v - a wand of mindburst (5)
Scrolls
 c - 3 scrolls of fog
 f - a scroll of amnesia
 g - 2 scrolls of fear
 h - a scroll of blinking
 o - 2 scrolls of brand weapon
 w - a scroll of teleportation
 A - 3 scrolls of identify
Potions
 d - 3 potions of curing
 k - a potion of attraction
 p - a potion of flight
 t - a potion of cancellation


   Skills:
 + Level 6.0 Fighting
 - Level 10.8(11.0) Axes
 * Level 2.0(6.1) Maces & Flails
 + Level 0.1 Throwing
 + Level 6.2 Armour
 + Level 3.9 Dodging
 + Level 0.7 Stealth
 + Level 4.8 Shields


You had 8 spell levels left.
You didn't know any spells.
Your spell library was empty.

Dungeon Overview and Level Annotations

Branches:
Dungeon (7/15)             Temple (1/1) D:6

Altars:
Ashenzari
Cheibriados
Dithmenos
Elyvilon
Gozag
Hepliaklqana
Kikubaaqudgha
Nemelex Xobeh
Qazlal
Sif Muna
Trog
Uskayaw
Vehumet
Wu Jian
Zin
The Shining One

Shops:
D:1 ?


Message History

You are more poisoned.
The killer bee poisons you! The killer bee barely misses you.
You block the killer bee's attack. The killer bee closely misses you.
You block the killer bee's attack. The killer bee closely misses you.
You barely miss the killer bee.
The killer bee is heavily wounded.
You feel extremely sick. The killer bee stings you!
You block the killer bee's attack. x2
The killer bee barely misses you. The killer bee closely misses you.
The killer bee barely misses you.
You bludgeon the killer bee!!
You kill the killer bee!
Trog accepts your kill.
You feel very sick.
The killer bee barely misses you. x2; The killer bee closely misses you.
The killer bee barely misses you. The killer bee stings you.
You are more poisoned.
The killer bee poisons you! The killer bee barely misses you.
Your Fighting skill increases to level 6!
Your base Maces & Flails skill increases to level 2!
The killer bee attacks as you move away!
The killer bee stings you.
* * * LOW HITPOINT WARNING * * *
You feel very sick. The killer bee stings you.
* * * LOW HITPOINT WARNING * * *
You barely miss the killer bee.
You are no longer berserk.
You are exhausted.
You feel yourself slow down.
You feel very sick. The killer bee stings you.
* * * LOW HITPOINT WARNING * * *
You block the killer bee's attack. The killer bee stings you.
* * * LOW HITPOINT WARNING * * *
The killer bee barely misses you.
You hit the killer bee.
The killer bee is moderately wounded.
You feel the effects of Trog's Hand fading.
You die...

.............#
.............#
.............#
............#
#...............##
#................#
#................#
#................#
#........<†y@...##
#...........y...##
#.........†......#
#................#
#...............##
#...............#
#...............#
#..<............#
#...............#


You could see 2 killer bees.

Vanquished Creatures
  Sigmund (D:3)
  Eustachio (D:5)
  Menkaure (D:5)
  Duvessa (D:5)
  3 water moccasins
  A black bear (D:4)
  An ice beast (D:6)
  Blork the orc (D:5)
  A phantom (D:6)
  A bullfrog (D:7)
  2 scorpions (D:6)
  3 wights (D:6)
  Dowan (D:5)
  3 killer bees (D:7)
  5 hounds
  A jelly (D:5)
  A gnoll bouda (D:4)
  An orc priest (D:6)
  Jessica (D:3)
  3 iguanas
  2 orc wizards
  Robin (D:4)
  4 gnolls (D:4)
  9 adders
  An ufetubus (D:4)
  A dart slug (D:5)
  14 orcs
  11 ball pythons
  6 bats
  6 endoplasms
  3 giant cockroaches (D:1)
  7 hobgoblins
  9 jackals
  3 quokkas
  2 frilled lizards (D:1)
  18 goblins
  8 kobolds
  6 rats
144 creatures vanquished.

Notes
Turn   | Place    | Note
-------+----------+-------------------------------------------
     0 | D:1      | Mickster the Hill Orc Berserker began the quest for the
                  | Orb.
     0 | D:1      | Reached XP level 1. HP: 19/19 MP: 1/1
   108 | D:1      | Reached XP level 2. HP: 27/27 MP: 2/2
   423 | D:1      | Found a faded altar of an unknown god.
   629 | D:1      | Reached XP level 3. HP: 33/33 MP: 3/3
   966 | D:1      | Found Idischiymp's Magic Scroll Shoppe.
   970 | D:1      | Bought a scroll of identify for 22 gold pieces
  1217 | D:2      | Reached skill level 5 in Axes
  1237 | D:2      | Reached XP level 4. HP: 41/41 MP: 4/4
  1240 | D:2      | Reached ** piety under Trog
  1458 | D:2      | You fall into a shaft and drop 1 floor!
  1470 | D:3      | Noticed Sigmund
  1478 | D:3      | Killed Sigmund
  1479 | D:3      | Reached skill level 5 in Fighting
  1479 | D:3      | Reached skill level 6 in Axes
  1479 | D:3      | Reached XP level 5. HP: 48/48 MP: 5/5
  1479 | D:3      | Reached XP level 6. HP: 56/56 MP: 6/6
  1608 | D:3      | Noticed Jessica
  1621 | D:3      | Killed Jessica
  2045 | D:3      | Reached skill level 1 in Shields
  2437 | D:4      | Reached skill level 7 in Axes
  2449 | D:4      | Reached XP level 7. HP: 61/61 MP: 7/7
  2509 | D:4      | Noticed Robin
  2540 | D:4      | Killed Robin
  3009 | D:5      | Entered Level 5 of the Dungeon
  3102 | D:5      | Noticed Blork the orc
  3117 | D:5      | Killed Blork the orc
  3145 | D:5      | Noticed Eustachio
  3173 | D:5      | Killed Eustachio
  3174 | D:5      | Reached skill level 8 in Axes
  3174 | D:5      | Reached XP level 8. HP: 69/69 MP: 8/8
  3620 | D:5      | Noticed Dowan
  3622 | D:5      | Noticed Duvessa
  3632 | D:5      | Reached skill level 9 in Axes
  3639 | D:5      | Killed Dowan
  3640 | D:5      | Killed Duvessa
  3673 | D:5      | Noticed Menkaure
  3681 | D:5      | Killed Menkaure
  4358 | D:6      | Reached skill level 10 in Axes
  4430 | D:6      | Found a white marble altar of Elyvilon.
  4613 | D:6      | Found a snail-covered altar of Cheibriados.
  4613 | D:6      | Noticed a torpor snail
  4613 | D:6      | Noticed a torpor snail
  4615 | D:6      | Noticed a torpor snail
  4654 | D:6      | Found a broken altar of Ashenzari.
  4744 | D:6      | Reached skill level 5 in Armour
  4747 | D:6      | Reached XP level 9. HP: 75/75 MP: 9/9
  4822 | D:6      | Found a staircase to the Ecumenical Temple.
  4838 | Temple   | Entered the Ecumenical Temple
  5025 | D:6      | Reached skill level 1 in Maces & Flails
  5243 | D:7      | Succumbed to a killer bee's poison

Illustrated notes

Levels and vault maps discovered:
D:1:      scummos_arrival_simple_crosswalls, layout_loops_ring,
          shapermc_ecumenical_altar_gd, serial_shops, nicolae_shop_rolled_up,
          amcnicky_mini_corridor_feature, minmay_misc_feat_x,
          grunt_decor_arrowhead
D:2:      layout_rooms, basic_altar, minmay_misc_feat_five, nicolae_half_adder
D:3:      layout_loops_ring, minmay_box_of_dots, uniq_crazy_yiuf_cottage,
          uniq_jessica, uniq_sigmund
D:4:      layout_rooms, saegor_snake_ambush, uniq_robin
D:5:      layout_basic, nrook_uturn, chequers_serial_rivers_small_3,
          interstate_on_off, uniq_duvessa, uniq_blork_the_orc, uniq_menkaure,
          uniq_eustachio
D:6:      layout_basic, mainiacjoe_overflow_cross_hatched,
          kennysheep_little_box, cheibriados_altar_2, temple_hall
D:7:      layout_gridville, mainiacjoe_overflow_paths, uniq_maggie,
          uniq_prince_ribbit1
Temple:   nicolae_temple_elliptical

Skill      XL: |  1  2  3  4  5  6  7  8  9 |
---------------+----------------------------+-----
Fighting       | 4 5 6 |  6.0
Axes           | 5 6 7 8 10 | 10.8
Dodging        | 2 3 |  3.9
Shields        | 2 3 4 |  4.8
Armour         | 3 5 6 |  6.2
Maces & Flails | 2 |  2.0
Throwing       | |  0.1
Stealth        | |  0.7

Action                     |  1- 3 |  4- 6 |  7- 9 || total
---------------------------+-------+-------+-------++-------
  Melee: Hand axe          |   116 |   156 |   213 ||   485
         Flail             |       |       |    31 ||    31
  Throw: Boomerang         |       |       |     2 ||     2
 Invoke: Berserk           |     2 |     7 |    10 ||    19
         Trog's Hand       |       |     4 |     9 ||    13
    Use: Scroll            |     2 |     5 |     8 ||    15
         Potion            |       |       |     1 ||     1
 Armour: Animal skin       |    27 |     8 |       ||    35
         Ring mail         |       |    29 |       ||    29
         Scale mail        |       |    17 |    82 ||    99
  Dodge: Dodged            |    86 |   115 |   113 ||   314
  Block: Kite shield       |       |    61 |   133 ||   194
